 Dungeon Crawl Stone Soup version 0.20-a0-681-gf83e07f (webtiles) character file.

5027 Alarkh the Carver (level 10, 0/68 HPs)
             Began as a Mummy Skald on Feb 18, 2017.
             Was an Initiate of Gozag.
             Slain by a killer bee (9 damage)
             ... on level 8 of the Dungeon.
             The game lasted 00:15:56 (9774 turns).

Alarkh the Carver (Mummy Skald)                     Turns: 9774, Time: 00:15:57

Health: 0/68       AC:  5    Str: 15    XL:     10   Next: 30%
Magic:  1/17       EV: 12    Int: 16    God:    Gozag
Gold:   852        SH:  0    Dex: 11    Spells: 13/19 levels left

rFire    . . .     SeeInvis .   a - +2 scimitar
rCold    . . .     Gourm    .   b - +0 leather armour
rNeg     + + +     Faith    .   (no shield)
rPois    ∞         Spirit   .   (no helmet)
rElec    .         Reflect  .   (no cloak)
rCorr    .         Harm     .   (no gloves)
MR       +....                  l - +1 pair of boots {run}
Stlth    +.........             (no amulet)
Regen    0.3/turn               o - ring of wizardry
MPRegen  0.2/turn               h - ring of fire

@: about to teleport, quick
A: no food or potions, fire vulnerability, cold resistance 1, negative energy
resistance 3, torment resistance, unbreathing
a: Potion Petition, Call Merchant, Bribe Branch, Renounce Religion


You were on level 8 of the Dungeon.
You worshipped Gozag.
Gozag was pleased with you.
You were not hungry.

You visited 2 branches of the dungeon, and saw 9 of its levels.

You collected 1451 gold pieces.
You spent 580 gold pieces at shops.
You paid 19 gold pieces to Gozag.

Inventory:

Hand Weapons
 a - a +2 scimitar (weapon)
 p - a +0 falchion
 s - a +2 long sword
Armour
 b - a +0 leather armour (worn)
 l - a +1 pair of boots of running (worn)
Magical Staves
 t - an uncursed staff of air {unknown}
Jewellery
 d - an uncursed ring of stealth
 h - a ring of fire (left hand)
 o - a ring of wizardry (right hand)
Wands
 v - a wand of iceblast (4/15)
 w - a wand of polymorph (12/24)
Scrolls
 e - a scroll of identify
 f - 2 scrolls of random uselessness
 g - 3 scrolls of fog
 i - 5 scrolls of teleportation
 j - 4 scrolls of recharging {unknown}
 k - 2 scrolls of fear {unknown}
 m - a scroll of immolation
 n - a scroll of amnesia
 r - a scroll of acquirement {unknown}
 u - 3 scrolls of remove curse {unknown}
 x - a scroll of magic mapping
Books
 c - a book of Battle

   Spells                             Type                      Level
   a - Infusion                       Charms                       1
   b - Shroud of Golubria             Charms/Translocation         2
   c - Song of Slaying                Charms                       2
   d - Spectral Weapon                Hexes/Charms                 3
   e - Regeneration                   Charms/Necromancy            3
 q - the Grimoire of Shape Shifting and Clay
   (You found it on level 7 of the Dungeon)

   Spells                             Type                      Level
   a - Beastly Appendage              Transmutation                1
   b - Stone Arrow                    Conjuration/Earth            3
   c - Petrify                        Transmutation/Earth          4
   d - Irradiate                      Conjuration/Transmutation    5
   e - Dragon Form                    Transmutation                7
 y - a book of Transfigurations

   Spells                             Type                      Level
   a - Irradiate                      Conjuration/Transmutation    5
   b - Statue Form                    Transmutation/Earth          6
   c - Hydra Form                     Transmutation                6
   d - Dragon Form                    Transmutation                7


   Skills:
 + Level 2.6 Fighting
 * Level 11.7 Long Blades
 - Level 0.7 Armour
 + Level 2.1 Dodging
 - Level 5.0 Spellcasting
 - Level 4.0 Charms


You had 13 spell levels left.
You knew the following spells:

 Your Spells              Type           Power        Failure   Level  Hunger
a - Spectral Weapon       Hex/Chrm       ##......     12%         3    N/A
c - Infusion              Chrm           ###.         1%          1    N/A
e - Shroud of Golubria    Chrm/Tloc      ##........   6%          2    N/A

Dungeon Overview and Level Annotations

Branches:
Dungeon (8/15)             Temple (1/1) D:6            Lair (0/6) D:8

Altars:
Ashenzari
Cheibriados
Dithmenos
Elyvilon
Fedhas
Gozag
Hepliaklqana
Kikubaaqudgha
Makhleb
Nemelex Xobeh
Okawaru
Qazlal
Ru
Sif Muna
Trog
Uskayaw
Vehumet
Xom
Yredelemnul
Zin
The Shining One

Shops:
D:2 *   D:4 !   D:7 *

Annotations:
D:6 exclusion: oklob plant


Innate Abilities, Weirdness & Mutations

You do not eat or drink.
Your flesh is vulnerable to fire.
You are immune to poison.
Your flesh is cold resistant. (rC+)
You are immune to negative energy. (rN+++)
You are immune to unholy pain and torment.
You can survive without breathing.


Message History

You closely miss the killer bee. The killer bee stings you.
* * * LOW HITPOINT WARNING * * *
The killer bee barely misses you.
As you read the scroll of teleportation, it crumbles to dust.
You feel strangely unstable. The killer bee stings you.
* * * LOW HITPOINT WARNING * * *
The killer bee stings you.
* * * LOW HITPOINT WARNING * * *
The killer bee stings you.
* * * LOW HITPOINT WARNING * * *
The killer bee stings you.
* * * LOW HITPOINT WARNING * * *
Casting: Spectral Weapon
Confirm with . or Enter, or press ? or * to list all spells.
Space distorts slightly along a thin shroud covering your body.
The killer bee barely misses you.
You riposte.
You closely miss the killer bee.
The killer bee stings you but does no damage.
The killer bee barely misses you. The killer bee stings you!
You die...
Your body crumbles into a pile of gold.

#..#. .... .... ..#
... #y# #y# #y####
#@y..# ## ####.# ..
#.# .# #.##.## #y#...#
##.#...#(# # #
####........#
#...#.##....#.........
........[.....###.##..


You could see 4 killer bees.

Vanquished Creatures
  The ghost of Laphicet the Covert, a novice OpAs of Gozag (D:8)
  The ghost of logikai the Carver, a novice BaFi (D:6)
  The ghost of MirrMurr the Covert, a novice SpBe of Trog (D:5)
  A hippogriff (D:8)
  A wyvern (D:7)
  A hungry ghost (D:8)
  Menkaure (D:7)
  A black bear (D:8)
  2 ice beasts
  3 orc warriors
  A phantom (D:6)
  3 ogres
  3 centaurs
  2 big kobolds
  4 bullfrogs
  2 scorpions
  A wyvern skeleton (D:6)
  8 killer bees (D:8)
  8 wights
  2 howler monkeys
  A crimson imp (D:6)
  A bullfrog zombie (D:6)
  A centaur skeleton (D:6)
  A jelly (D:6)
  A gnoll shaman (D:7)
  2 orc wizards
  3 bullfrog skeletons
  4 iguanas
  5 worker ants
  Natasha (thrice) (D:3)
  A hound skeleton (D:5)
  9 adders
  13 gnolls
  A shadow imp (D:6)
  2 adder skeletons (D:4)
  A worm (D:3)
  A dart slug (D:2)
  4 leopard geckos
  19 orcs
  2 ball pythons (D:4)
  7 giant cockroaches
  8 hobgoblins
  5 jackals
  3 quokkas
  6 bats
  4 frilled lizards
  A giant cockroach zombie (D:5)
  5 goblins
  23 kobolds
  A leopard gecko skeleton (D:5)
  A quokka skeleton (D:4)
  4 rats
190 creatures vanquished.

Vanquished Creatures (others)
  5 spectral weapons
5 creatures vanquished.

Grand Total: 195 creatures vanquished

Notes
Turn   | Place    | Note
-------+----------+-------------------------------------------
     0 | D:1      | Alarkh the Mummy Skald began the quest for the Orb.
     0 | D:1      | Reached XP level 1. HP: 16/16 MP: 4/4
    90 | D:1      | Reached skill level 2 in Long Blades
   224 | D:1      | Reached XP level 2. HP: 17/22 MP: 1/5
   822 | D:2      | Reached skill level 3 in Long Blades
   822 | D:2      | Reached XP level 3. HP: 19/27 MP: 2/7
   835 | D:2      | Found Gozag's Platinum Reserve.
   871 | D:2      | Found an opulent altar of Gozag.
   947 | D:2      | Became a worshipper of Gozag Ym Sagoz the Greedy
  1429 | D:2      | Identified a +0 pair of boots of running (You found it on level 2 of the Dungeon)
  1645 | D:2      | Found an iron altar of Okawaru.
  1646 | D:2      | Found a glowing golden altar of the Shining One.
  1850 | D:3      | Noticed Natasha
  1860 | D:3      | Killed Natasha
  1860 | D:3      | Reached XP level 4. HP: 12/33 MP: 2/8
  2102 | D:3      | Reached skill level 4 in Long Blades
  2498 | D:3      | Noticed Natasha
  2503 | D:3      | Killed Natasha
  2503 | D:3      | Reached XP level 5. HP: 35/38 MP: 4/9
  2786 | D:3      | Learned a level 2 spell: Shroud of Golubria
  2790 | D:3      | Learned a level 3 spell: Spectral Weapon
  2899 | D:4      | Found Daclih Vaew's Distillery.
  2903 | D:4      | Noticed an orc warrior
  2941 | D:3      | Killed an orc warrior
  2941 | D:3      | Reached skill level 5 in Long Blades
  2941 | D:3      | Reached XP level 6. HP: 10/44 MP: 0/10
  3258 | D:3      | Noticed Natasha
  3268 | D:3      | Killed Natasha
  3457 | D:4      | Reached skill level 6 in Long Blades
  3944 | D:4      | Reached XP level 7. HP: 40/50 MP: 4/11
  4620 | D:5      | Entered Level 5 of the Dungeon
  4688 | D:5      | Noticed MirrMurr's ghost (novice SpBe)
  4985 | D:5      | Killed MirrMurr's ghost
  5886 | D:5      | Reached XP level 8. HP: 54/56 MP: 10/14
  5996 | D:6      | Reached skill level 7 in Long Blades
  6069 | D:6      | Reached skill level 5 in Spellcasting
  6589 | D:6      | Noticed logikai's ghost (novice BaFi)
  6804 | D:6      | Killed logikai's ghost
  6804 | D:6      | Reached skill level 8 in Long Blades
  7182 | D:6      | Reached skill level 9 in Long Blades
  7182 | D:6      | Reached XP level 9. HP: 47/61 MP: 11/16
  7411 | D:6      | Found a blossoming altar of Fedhas.
  7427 | D:6      | Noticed an oklob plant
  7514 | D:6      | Found a staircase to the Ecumenical Temple.
  7520 | Temple   | Entered the Ecumenical Temple
  8080 | D:7      | Noticed Menkaure
  8084 | D:7      | Killed Menkaure
  8477 | D:7      | Reached skill level 10 in Long Blades
  8840 | D:7      | Identified the Grimoire of Shape Shifting and Clay
  8959 | D:7      | Found Finakk's Assorted Antiques.
  8967 | D:7      | Bought a sharpened wooden wand for 116 gold pieces
  8967 | D:7      | Bought a scroll labeled YXUYCZAIHU for 29 gold pieces
  8968 | D:7      | Bought a paperback book for 435 gold pieces
  9154 | D:8      | Noticed Laphicet's ghost (novice OpAs)
  9179 | D:8      | Killed Laphicet's ghost
  9179 | D:8      | Reached skill level 11 in Long Blades
  9179 | D:8      | Reached XP level 10. HP: 26/67 MP: 9/17
  9408 | D:8      | Found a burning altar of Makhleb.
  9663 | D:8      | Found a staircase to the Lair.
  9774 | D:8      | Slain by a killer bee

Vault maps used:
D:1:      lemuel_arrival_rhombus, minmay_tetromino_i4
D:2:      gammafunk_temple_overflow_pools, first_bread,
          nicolae_gozag_zags_fifth_avenue
D:3:      uniq_natasha
D:4:      serial_shops, nicolae_shop_waterfront, grunt_ministairs_9
D:5:      cheibrodos_thug_alley
D:6:      minmay_temple_entry_fiery, nicolae_lava_and_water, minmay_misc_feat_x,
          tgw_fedhas
D:7:      serial_shops, nicolae_shop_overgrown_old_shop, uniq_menkaure
D:8:      kennysheep_little_box, lair_entry_dummy, serial_shops, shop,
          david_nohive_1, kennysheep_generic_room_13
Temple:   dpeg_five_rooms_temple

Skill      XL: |  1  2  3  4  5  6  7  8  9 10 |
---------------+-------------------------------+-----
Long Blades    | 2 3 4 5 6 9 11 | 11.7
Spellcasting   | 4 5 |  5.0
Charms         | 3 4 |  4.0
Dodging        | 2 |  2.1
Fighting       | |  2.6
Armour         | |  0.7

Action                   |  1- 3 |  4- 6 |  7- 9 | 10-12 || total
-------------------------+-------+-------+-------+-------++-------
Melee: Falchion          |   117 |    69 |       |       ||   186
       Long sword        |       |    72 |   161 |       ||   233
       Scimitar          |       |       |   138 |    62 ||   200
 Cast: Infusion          |    23 |    19 |    13 |     1 ||    56
       Spectral Weapon   |       |     4 |    38 |     7 ||    49
       Shroud of Golubri |       |     3 |    10 |     5 ||    18
Invok: Potion Petition   |       |     1 |       |       ||     1
  Use: Scroll            |     4 |     1 |     6 |     1 ||    12
 Stab: Distracted        |       |     2 |     2 |       ||     4
       Invisible         |       |     3 |       |       ||     3
Armor: Leather armour    |    38 |    29 |    50 |    10 ||   127
Dodge: Dodged            |    82 |    95 |   134 |    43 ||   354
       Rpst.: Falchion   |    27 |    11 |       |       ||    38
       Long sword        |       |    15 |    27 |       ||    42
       Scimitar          |       |       |    24 |    10 ||    34
